 Dungeon Crawl Stone Soup version 0.17-a0-1519-g2001520 (webtiles) character file.

1288 mrath the Digger (level 8, -15/45 HPs)
             Began as a Gargoyle Earth Elementalist on July 13, 2015.
             Was an Initiate of Vehumet.
             Demolished by an orc warrior
             ... wielding a +0 dire flail
              (19 damage)
             ... on level 6 of the Dungeon.
             The game lasted 01:47:01 (8553 turns).

mrath the Digger (Gargoyle Earth Elementalist)      Turns: 8553, Time: 01:47:02

Health: -15/45     AC:  9    Str: 11    XL:     8   Next: 55%
Magic:  3/18       EV: 12    Int: 19    God:    Vehumet [......]
Gold:   147        SH:  0    Dex: 10    Spells: 6 memorised, 2 levels left

rFire  . . .     SeeInvis .     y - +1 mace (crush)
rCold  . . .     Clarity  .     b - +1 robe
rNeg   + + .     SustAt   .     (no shield)
rPois  ∞         Gourm    .     (no helmet)
rElec  +         Spirit   .     (no cloak)
rCorr  .         Warding  .     q - +0 pair of gloves
rMut   .         Stasis   .     (no boots)
MR     .....                    (no amulet)
Stlth  ++........               (no ring)
                                D - ring of positive energy

@: very slightly contaminated, not resistant to hostile enchantments, unstealthy
A: negative energy resistance 1, electricity resistance, unbreathing,
petrification resistance, rot immunity, AC +5
a: Renounce Religion


You were on level 6 of the Dungeon.
You worshipped Vehumet.
Vehumet was noncommittal.
You were hungry.

You visited 2 branches of the dungeon, and saw 7 of its levels.

You collected 315 gold pieces.
You spent 168 gold pieces at shops.

Inventory:

Hand weapons
 k - a +0 hunting sling
 t - a +0 flail
 u - a +0 halberd
 w - a +1 morningstar of freezing
 y - a +1 mace of crushing (weapon)
 H - a +0 dagger of speed
 L - a +0 dagger
 M - a +0 hunting sling
Missiles
 a - 75 stones (quivered)
 e - 6 curare-tipped needles
 g - 47 arrows
 p - 17 poisoned needles
 v - 22 bolts
 z - 61 sling bullets
 J - a throwing net
Armour
 b - a +1 robe (worn)
 i - a +3 leather armour of fire resistance
 q - a +0 pair of gloves (worn)
Jewellery
 D - a ring of positive energy (left hand)
Magical devices
 o - a wand of flame (30)
 x - a wand of paralysis (8)
 C - a wand of draining (4)
Scrolls
 h - 2 scrolls of recharging
 j - 2 scrolls of identify
 l - 4 scrolls of remove curse
 r - a scroll of enchant armour
 B - a scroll of magic mapping {unknown}
 E - 2 scrolls of teleportation
Potions
 n - 5 potions of curing
 A - 2 potions of ambrosia
 F - a potion of degeneration {unknown}
 I - a potion of flight {unknown}
 K - a potion of cancellation {unknown}
Books
 c - a book of Geomancy

   Spells                             Type                      Level
   a - Sandblast                      Earth                        1
   b - Stoneskin                      Transmutation/Earth          2
   c - Passwall                       Transmutation/Earth          3
   d - Stone Arrow                    Conjuration/Earth            3
   e - Petrify                        Transmutation/Earth          4
   f - Lee's Rapid Deconstruction     Earth                        5
Miscellaneous
 f - a plain deck of summoning {drawn: 1}
Comestibles
 d - 6 bread rations
 m - 4 fruits
 s - 2 meat rations
 G - 4 chunks of flesh


   Skills:
 + Level 2.9 Fighting
 + Level 2.2 Maces & Flails
 + Level 2.7 Dodging
 - Level 2.1 Stealth
 * Level 6.7 Spellcasting
 + Level 2.2 Conjurations
 - Level 0.7 Transmutations
 + Level 6.7 Earth Magic


You had 2 spell levels left.
You knew the following spells:

 Your Spells              Type           Power        Failure   Level  Hunger
a - Sandblast             Erth           ####..       1%          1    None
b - Stoneskin             Trmt/Erth      ###.....     4%          2    None
c - Stone Arrow           Conj/Erth      ###...       6%          3    ##.....
d - Passwall              Trmt/Erth      ###.......   10%         3    ##.....
e - Lee's Rapid Deconstr  Erth           ####......   21%         5    #####..
f - Petrify               Trmt/Erth      ###.....     28%         4    ####...


Dungeon Overview and Level Annotations

Branches:
Dungeon (6/15)             Temple (1/1) D:6

Altars:
Ashenzari
Elyvilon
Fedhas
Kikubaaqudgha
Okawaru
Qazlal
Trog
Vehumet
Xom
Zin
The Shining One

Shops:
D:4 [(   D:5 }*

Annotations:
D:4 George's ghost, experienced MiFi


Innate Abilities, Weirdness & Mutations

You are resistant to torment.
Your stone body is resilient (AC +5).
You are immune to poison.
You resist negative energy.
You are resistant to electric shocks.
You can survive without breathing.
You are immune to petrification.
You are immune to rotting.


Message History

The orc wizard blinks!
The orc warrior misses you.
The worker ant waves its antennae.
The orc warrior hits you with a dire flail!
Things that are here:
a dagger; a leather armour You sock the orc!
You kill the orc!
Vehumet accepts your kill. The orc warrior closely misses you.
The orc wizard gestures wildly while chanting.
The orc wizard blinks!
Things that are here:
a dagger; a ring mail; an orc skeleton You barely miss the orc warrior.
The adder zombie bites you but does no damage.
The orc warrior hits you with a dire flail!
* * * LOW HITPOINT WARNING * * *
The adder zombie barely misses you.
The orc warrior hits you with a dire flail!!
You die...

##.#.## #.#. #
##..#..## #.#. #
...######..###..###.#.
#. #.....#..##
##..##... ..
#>..##...##...... #.
###..##.....##..###
#..#...##.......##...#
#....### ..._... ###..
#.##.@)##....... #...#
# ###oZ##.....##..##.
##a.##...+#.. #. #...#
.. #. #o#..# . #.
#.##..# #. #o# #.# #.
#.# ... #. #.# ... #.


You could see an orc warrior, a worker ant and an adder zombie.

Vanquished Creatures
  A sky beast (D:5)
  A phantom (D:4)
  An ice beast (D:6)
  2 giant frogs
  A scorpion (D:5)
  3 hounds
  Ijyb (D:4)
  2 giant frog skeletons (D:6)
  4 orc priests
  3 orc wizards
  A gnoll shaman (D:3)
  3 worker ants
  A hound zombie (D:4)
  9 gnolls
  7 adders
  A worker ant zombie (D:5)
  An ooze (D:2)
  An adder zombie (D:5)
  3 giant geckos
  21 orcs
  3 ball pythons
  3 bat zombies (D:3)
  21 goblins
  15 hobgoblins
  20 kobolds
  13 bats
  8 giant cockroaches
  5 giant newts
  12 jackals
  2 quokkas
  10 rats
179 creatures vanquished.

Vanquished Creatures (others)
  A hobgoblin (D:2)
  A ball python (D:2)
  A rat (D:2)
3 creatures vanquished.

Grand Total: 182 creatures vanquished

Notes
Turn   | Place    | Note
--------------------------------------------------------------
     0 | D:1      | mrath the Gargoyle Earth Elementalist began the quest for the Orb.
     0 | D:1      | Reached XP level 1. HP: 10/10 MP: 3/3
   487 | D:1      | Reached XP level 2. HP: 15/15 MP: 5/5
   491 | D:1      | Learned a level 2 spell: Stoneskin
   910 | D:1      | Reached skill level 4 in Earth Magic
  1127 | D:1      | Reached XP level 3. HP: 17/19 MP: 7/7
  1583 | D:2      | Learned a level 3 spell: Stone Arrow
  1944 | D:2      | Found a white marble altar of Elyvilon.
  2340 | D:2      | Reached XP level 4. HP: 24/24 MP: 9/9
  3482 | D:3      | Reached XP level 5. HP: 28/28 MP: 10/10
  3494 | D:3      | Learned a level 3 spell: Passwall
  3707 | D:3      | Reached skill level 5 in Earth Magic
  4224 | D:3      | Reached XP level 6. HP: 32/32 MP: 10/13
  4407 | D:3      | Found an ancient bone altar of Kikubaaqudgha.
  4506 | D:4      | Noticed George's ghost (experienced MiFi)
  4657 | D:4      | Reached skill level 5 in Spellcasting
  5142 | D:4      | Found Mateatamu's Antique Armour Shoppe.
  5192 | D:4      | Found Xoimnauq's Antique Weapon Shop.
  5287 | D:4      | Noticed Ijyb
  5305 | D:4      | Killed Ijyb
  5468 | D:4      | Reached XP level 7. HP: 36/36 MP: 15/15
  5490 | D:4      | Learned a level 5 spell: Lee's Rapid Deconstruction
  5577 | D:4      | Reached skill level 6 in Earth Magic
  6029 | D:4      | Reached skill level 1 in Fighting
  6029 | D:4      | Reached skill level 1 in Maces & Flails
  6074 | D:5      | Entered Level 5 of the Dungeon
  6225 | D:5      | Reached skill level 1 in Conjurations
  6324 | D:5      | Learned a level 4 spell: Petrify
  6433 | D:5      | Found a glowing silver altar of Zin.
  6437 | D:5      | Found Zin's Purification Station.
  6677 | D:5      | Found Lequat's Gadget Emporium.
  6696 | D:5      | Bought a plain deck of summoning for 168 gold pieces
  6908 | D:5      | Found a bloodstained altar of Trog.
  6908 | D:5      | Found an iron altar of Okawaru.
  7158 | D:5      | Reached XP level 8. HP: 42/44 MP: 3/17
  8253 | D:6      | Found a staircase to the Ecumenical Temple.
  8262 | Temple   | Entered the Ecumenical Temple
  8282 | Temple   | Became a worshipper of Vehumet
  8484 | D:6      | Found a glowing golden altar of the Shining One.
  8553 | D:6      | Demolished by an orc warrior

Vault maps used:
D:1:      minmay_arrival_three_doors
D:2:      elyvilon_altar_4
D:3:      lemuel_zombie_altar_kikubaaqudgha
D:4:      kennysheep_the_goblin_king, serial_shops, nicolae_shop_trees, shop
D:5:      grunt_temple_overflow_bloody_war, zin_purify, first_bread,
          serial_shops, shop
D:6:      minmay_temple_entry_purple_smoke, tso_metal_star
Temple:   circular_temple_pool_8

Action                   |  1- 3 |  4- 6 |  7- 9 || total
-------------------------+-------+-------+-------++-------
Melee: Mace              |    84 |   122 |    69 ||   275
       Flail             |       |    15 |       ||    15
       Morningstar       |       |    69 |    12 ||    81
Throw: Stone             |     1 |     2 |     1 ||     4
 Cast: Sandblast         |    34 |    66 |    41 ||   141
       Stoneskin         |       |     5 |     2 ||     7
       Stone Arrow       |       |     3 |    34 ||    37
       Lee's Rapid Decon |       |       |     2 ||     2
       Petrify           |       |       |     1 ||     1
Evoke: Deck              |       |       |     1 ||     1
  Use: Scroll            |     1 |     3 |     3 ||     7
       Potion            |       |     1 |       ||     1
 Stab: Sleeping          |     1 |     1 |     1 ||     3
  Eat: Chunk             |     4 |     8 |     8 ||    20
       Pizza             |     1 |       |       ||     1
       Beef jerky        |       |     1 |     1 ||     2
       Royal jelly       |       |       |     1 ||     1
